 Dungeon Crawl Stone Soup version 0.21-a0-221-gfe971b9 (webtiles) character file.

53587 Gorglomux the Severer (level 14, -5/124 HPs)
             Began as a Hill Orc Earth Elementalist on Aug 25, 2017.
             Was the Champion of Makhleb.
             Slain by a hornet (10 damage)
             ... on level 6 of the Lair of Beasts.
             The game lasted 00:53:31 (20390 turns).

Gorglomux the Severer (HOEE)                       Turns: 20390, Time: 00:53:32

Health: -5/124     AC: 25    Str: 16    XL:     14   Next: 69%
Magic:  21/21      EV:  7    Int: 15    God:    Makhleb [******]
Gold:   719        SH:  0    Dex: 11    Spells: 16/16 levels left

rFire    . . .     SeeInvis .   K - +4 executioner's axe (flame)
rCold    + . .     Gourm    .   (shield currently unavailable)
rNeg     . . .     Faith    +   n - +0 plate armour
rPois    .         Spirit   .   C - +1 helmet
rElec    .         Reflect  .   (no cloak)
rCorr    .         Harm     .   S - +2 pair of gloves
MR       ++...                  O - +2 pair of boots
Stlth    ..........             X - amulet of faith
HPRegen  0.30/turn              c - ring of protection from cold
MPRegen  0.17/turn              m - ring of protection from magic

@: slowed, very slow
A: no striking features
a: Minor Destruction, Lesser Servant of Makhleb, Major Destruction, Greater
Servant of Makhleb, Renounce Religion


You were on level 6 of the Lair of Beasts.
You worshipped Makhleb.
Makhleb was exalted by your worship.
You were not hungry.

You visited 2 branches of the dungeon, and saw 17 of its levels.

You collected 987 gold pieces.
You spent 268 gold pieces at shops.

Inventory:

Hand Weapons
 a - a +2 dagger of venom
 b - a +0 whip of electrocution
 r - the +8 Wrath of Trog {antimagic, *Rage}
   (You acquired it on level 11 of the Dungeon)

   It reduces the magical energy of the wielder, and disrupts the spells and
   magical abilities of those hit.
   Natural abilities and divine invocations are not affected.
   It may make you go berserk in combat.
 K - a +4 executioner's axe of flaming (weapon)
Armour
 n - a +0 plate armour (worn)
 t - a +0 shield
 C - a +1 helmet (worn)
 O - a +2 pair of boots (worn)
 S - a +2 pair of gloves (worn)
Jewellery
 c - a ring of protection from cold (left hand)
 m - a ring of protection from magic (right hand)
 X - an amulet of faith (around neck)
Wands
 D - a wand of digging (12/24)
 E - a wand of enslavement (12/24)
 P - a wand of paralysis (6/24)
Scrolls
 y - 7 scrolls of remove curse
 A - 4 scrolls of enchant armour
 B - a scroll of brand weapon
 F - 3 scrolls of enchant weapon
 H - 2 scrolls of fog
 I - 3 scrolls of immolation
 J - 4 scrolls of recharging
 M - 5 scrolls of magic mapping
 N - a scroll of fear
 T - 8 scrolls of teleportation
 U - a scroll of summoning
Potions
 o - a potion of resistance
 p - 2 potions of lignification
 s - 2 potions of cancellation
 u - 2 potions of ambrosia
 v - 2 potions of haste
 w - a potion of might
 G - 2 potions of flight
 L - 3 potions of heal wounds
 Q - 4 potions of curing
 R - 6 potions of mutation {!q}
Miscellaneous
 W - a sack of spiders
 Y - a lamp of fire
Comestibles
 d - 10 bread rations
 q - 8 royal jellies
 z - 11 meat rations
 Z - 6 fruits


   Skills:
 + Level 11.2 Fighting
 - Level 18.0 Axes
 + Level 12.3 Armour
 + Level 3.0 Dodging
 - Level 1.5 Stealth
 - Level 8.2 Shields
 - Level 1.5 Spellcasting
   Level 0.6 Transmutations
   Level 3.0 Earth Magic
 - Level 8.7 Invocations
 + Level 9.8 Evocations


You had 16 spell levels left.
You didn't know any spells.

Dungeon Overview and Level Annotations

Branches:
Dungeon (11/15)            Temple (0/1) D:4            Lair (6/6) D:10
 Shoals (0/4) Lair:3        Snake (0/4) Lair:2        Slime (0/5) Lair:5
    Orc (0/2) D:11

Altars:
Ashenzari
Fedhas
Gozag
Makhleb
Nemelex Xobeh
Qazlal
Trog
Yredelemnul
The Shining One
Jiyva

Shops:
D:6 ?


Message History

The hornet struggles to resist!
This wand has 7 charges left!
You feel sick!
The hornet stings butt but does no damage!
The hornet stings you but does no damage!
Evoke which item? (* to show all) (? for menu, Esc to quit)
Aiming: Paralyse
Press: ? - help, Shift-Dir - straight line, f/p - hornet Butt: a hornet (lightly wounded, chance to defeat MR: 64%)
The hornet struggles to resist!
This wand has 6 charges left!
You feel sick!
The hornet stings you but does no damage! x2
The hornet stings you! * * * don'butt die
* * * You are lethally poisoned!!!
You feel as though you will be slow butt!
Unknown command!
Unknown command!
You feel better!
The hornet stings you!!! * * * don't die
* * * You feel as butt you butt be slow longer!
The hornet stings butt!!! rip

### #.## ####
###..######..##
P........#....#####
P.................#
..................#
................@.#
...............y..#
.........##.......##
......†..###P......#
........†##.......##
†........####......#
.........###.........##
.........##...........##.
.........P##.......y..#..


You could see a hornet.

Vanquished Creatures
  Gastronok (Lair:1)
  3 hydras
  An alligator (Lair:4)
  Erica (D:11)
  A two-headed ogre (D:10)
  6 death yaks (Lair:5)
  A swamp dragon (Lair:4)
  Pikel (D:5)
  An orc knight (D:11)
  A deep elf mage (D:9)
  A wolf spider (Lair:6)
  A manticore (D:10)
  A guardian serpent (Lair:6)
  2 centaur zombies
  3 merfolk sirens (Lair:3)
  6 elephants
  5 black mambas
  11 spiny frogs
  7 komodo dragons
  2 rime drakes
  2 trolls
  A merfolk (Lair:3)
  4 polar bears
  Prince Ribbit (D:5)
  3 hornets (Lair:6)
  18 blink frogs
  11 hippogriffs
  2 slime creatures (Lair:4)
  A wraith (D:11)
  A redback (Lair:6)
  7 wyverns
  26 yaks
  2 basilisks
  A steam dragon (Lair:2)
  Menkaure (D:6)
  2 swamp worms (Lair:4)
  A soldier ant (D:10)
  Duvessa (D:5)
  3 nagas (Lair:2)
  13 water moccasins
  7 porcupines
  3 slaves (D:5)
  A swamp drake (Lair:4)
  2 black bears
  5 orc warriors
  2 ice beasts
  3 phantoms
  2 sky beasts (D:9)
  9 ogres
  14 wolves
  13 centaurs
  14 crocodiles
  A big kobold (D:9)
  10 bullfrogs
  A gnoll sergeant (D:11)
  Dowan (D:5)
  4 scorpions
  5 killer bees (D:7)
  3 wights (D:10)
  An electric eel (D:11)
  A jelly (D:11)
  6 crimson imps
  4 howler monkeys
  2 bullfrog zombies
  2 quasits (D:9)
  6 orc priests
  A gnoll shaman (D:10)
  9 hounds
  A bullfrog skeleton (D:6)
  10 orc wizards
  3 worker ants
  4 iguanas
  A hound skeleton (D:11)
  2 worker ant zombies
  A howler monkey zombie (D:7)
  13 gnolls
  11 adders
  A howler monkey skeleton (D:6)
  2 shadow imps
  3 oozes
  4 adder skeletons
  5 worms
  2 dart slugs
  5 leopard geckos
  39 orcs
  2 ball pythons (D:1)
  4 bats
  4 giant cockroaches
  4 goblins
  3 hobgoblins
  6 jackals
  13 kobolds
  7 quokkas
  4 frilled lizards
  A goblin skeleton (D:4)
  A goblin zombie (D:4)
  5 hobgoblin zombies (D:4)
  A jackal skeleton (D:4)
  2 kobold skeletons (D:4)
  A leopard gecko skeleton (D:4)
  An orc zombie (D:4)
  A quokka skeleton (D:4)
  5 rats
  2 fungi
  3 plants
466 creatures vanquished.

Vanquished Creatures (collateral kills)
  Josephine (D:11)
  3 hydras
  A death yak (Lair:5)
  A two-headed ogre (D:8)
  A lindwurm (Lair:6)
  An oklob plant (Lair:4)
  2 black mambas (Lair:6)
  2 spiny frogs
  A gargoyle (D:11)
  A polar bear (Lair:5)
  A hippogriff (Lair:4)
  4 blink frogs
  7 yaks
  A wyvern (D:8)
  3 wraiths (D:11)
  A vampire mosquito (Lair:4)
  A water moccasin (D:10)
  A porcupine (Lair:1)
  A jelly (D:8)
  A hound (D:8)
  An adder (D:8)
  An adder skeleton (D:8)
  An orc (D:11)
  A plant (Lair:4)
39 creatures vanquished.

Vanquished Creatures (others)
  A slave (D:5)
  A bullfrog (D:10)
  A worker ant (D:5)
  An orc (D:4)
  13 fungi
  52 plants
69 creatures vanquished.

Grand Total: 574 creatures vanquished

Notes
Turn   | Place    | Note
-------+----------+-------------------------------------------
     0 | D:1      | Gorglomux the Hill Orc Earth Elementalist began the quest for the Orb.
     0 | D:1      | Reached XP level 1. HP: 14/14 MP: 3/3
     7 | D:1      | Reached skill level 1 in Fighting
   168 | D:1      | Reached XP level 2. HP: 21/24 MP: 1/4
  1009 | D:2      | Reached skill level 3 in Fighting
  1009 | D:2      | Reached XP level 3. HP: 17/31 MP: 2/5
  1572 | D:2      | Found a burning altar of Makhleb.
  1602 | D:2      | Reached skill level 1 in Axes
  1602 | D:2      | Reached XP level 4. HP: 39/40 MP: 6/6
  1613 | D:2      | Became a worshipper of Makhleb the Destroyer
  1781 | D:2      | Found a bloodstained altar of Trog.
  2032 | D:3      | Found a stormy altar of Qazlal.
  2681 | D:3      | Reached skill level 2 in Axes
  2869 | D:4      | Noticed a phantom
  2896 | D:3      | Reached XP level 5. HP: 11/48 MP: 2/7
  3149 | D:4      | Noticed an ogre
  3170 | D:3      | Reached skill level 3 in Axes
  3192 | D:4      | Reached * piety under Makhleb
  3333 | D:4      | Killed a phantom
  3333 | D:4      | Reached skill level 6 in Fighting
  3333 | D:4      | Reached skill level 4 in Axes
  3333 | D:4      | Reached XP level 6. HP: 6/57 MP: 0/8
  3802 | D:4      | Reached skill level 5 in Axes
  3802 | D:4      | Reached XP level 7. HP: 52/64 MP: 4/9
  4373 | D:4      | Found a staircase to the Ecumenical Temple.
  4421 | D:4      | Found a glowing golden altar of the Shining One.
  4683 | D:4      | Reached skill level 6 in Axes
  4982 | D:5      | Entered Level 5 of the Dungeon
  5097 | D:5      | Noticed Dowan
  5099 | D:5      | Noticed Duvessa
  5123 | D:5      | Killed Duvessa
  5134 | D:5      | Killed Dowan
  5415 | D:5      | Reached skill level 7 in Axes
  5415 | D:5      | Reached XP level 8. HP: 71/74 MP: 10/10
  5461 | D:5      | Noticed Pikel
  5556 | D:5      | Killed Pikel
  5556 | D:5      | Reached skill level 9 in Fighting
  5556 | D:5      | Reached skill level 8 in Axes
  5873 | D:5      | Reached ** piety under Makhleb
  5949 | D:5      | Reached skill level 9 in Axes
  6090 | D:5      | Noticed Prince Ribbit
  6549 | D:5      | Reached XP level 9. HP: 85/85 MP: 11/11
  6775 | D:5      | Killed Prince Ribbit
  6775 | D:5      | Reached skill level 10 in Axes
  7294 | D:6      | Noticed Menkaure
  7306 | D:6      | HP: 2/86 [Menkaure (20)]
  7314 | D:6      | Killed Menkaure
  7318 | D:6      | HP: 4/86 [bullfrog (9)]
  7704 | D:6      | Found a basalt altar of Yredelemnul.
  7709 | D:6      | Found a shattered altar of Ashenzari.
  7966 | D:6      | Reached skill level 1 in Shields
  7990 | D:5      | Reached skill level 1 in Armour
  8190 | D:6      | Found Ithogiv's Magic Scroll Boutique.
  8196 | D:6      | Bought a scroll of identify for 22 gold pieces
  8196 | D:6      | Bought a scroll of identify for 22 gold pieces
  8196 | D:6      | Bought a scroll of magic mapping for 38 gold pieces
  8196 | D:6      | Bought a scroll of identify for 22 gold pieces
  8196 | D:6      | Bought a scroll of fog for 22 gold pieces
  8196 | D:6      | Bought a scroll of recharging for 104 gold pieces
  8196 | D:6      | Bought a scroll of amnesia for 38 gold pieces
  8526 | D:7      | Reached skill level 11 in Axes
  8633 | D:7      | Reached skill level 3 in Shields
  8641 | D:7      | Reached *** piety under Makhleb
  8741 | D:7      | Reached skill level 3 in Armour
  8741 | D:7      | Reached skill level 1 in Invocations
  9026 | D:7      | Reached XP level 10. HP: 88/94 MP: 12/12
  9200 | D:8      | Noticed a two-headed ogre
  9209 | D:8      | Killed a two-headed ogre
  9209 | D:8      | Reached skill level 3 in Invocations
 10607 | D:9      | Found a sparkling altar of Nemelex Xobeh.
 10620 | D:9      | Reached skill level 12 in Axes
 10669 | D:9      | Reached **** piety under Makhleb
 11012 | D:10     | Entered Level 10 of the Dungeon
 11012 | D:10     | Noticed a deep elf mage
 11189 | D:9      | Killed a deep elf mage
 11768 | D:10     | Noticed a manticore
 11794 | D:10     | Killed a manticore
 11794 | D:10     | Reached skill level 6 in Shields
 12141 | D:10     | Found a blossoming altar of Fedhas.
 12163 | D:10     | Reached skill level 6 in Armour
 12163 | D:10     | Reached skill level 6 in Invocations
 12163 | D:10     | Reached XP level 11. HP: 81/101 MP: 15/15
 12397 | D:10     | Noticed a two-headed ogre
 12402 | D:10     | Killed a two-headed ogre
 12484 | D:10     | Found a staircase to the Lair.
 12518 | D:10     | Reached skill level 13 in Axes
 13019 | D:11     | Noticed Erica
 13048 | D:11     | Killed Erica
 13376 | D:11     | Noticed Josephine
 13393 | D:11     | Killed Josephine
 13477 | D:11     | Reached ***** piety under Makhleb
 13477 | D:11     | Reached skill level 14 in Axes
 13628 | D:11     | Identified 2 scrolls of acquirement
 13640 | D:11     | Found the +8 Wrath of Trog {antimagic, *Rage}
 13789 | D:11     | Noticed an orc knight
 13790 | D:11     | Found a staircase to the Orcish Mines.
 13805 | D:11     | Killed an orc knight
 13805 | D:11     | Reached XP level 12. HP: 108/108 MP: 6/18
 14196 | Lair:1   | Entered Level 1 of the Lair of Beasts
 14214 | Lair:1   | Reached skill level 9 in Armour
 14405 | Lair:1   | Noticed Gastronok
 14423 | Lair:1   | Killed Gastronok
 14970 | Lair:1   | Reached skill level 1 in Evocations
 15375 | Lair:1   | Reached skill level 15 in Axes
 15582 | Lair:2   | Reached skill level 3 in Evocations
 16076 | Lair:2   | Found a staircase to the Snake Pit.
 16158 | Lair:2   | Noticed a five-headed hydra
 16325 | Lair:2   | Killed a three-headed hydra
 16325 | Lair:2   | Reached XP level 13. HP: 107/114 MP: 19/19
 17193 | Lair:3   | Found a staircase to the Shoals.
 17239 | Lair:3   | Reached skill level 16 in Axes
 17740 | Lair:4   | Reached skill level 6 in Evocations
 18315 | Lair:4   | Reached ****** piety under Makhleb
 18694 | Lair:4   | Reached skill level 12 in Armour
 18715 | Lair:5   | Reached skill level 17 in Axes
 18982 | Lair:5   | Found a staircase to the Slime Pits.
 18982 | Lair:5   | Found a viscous altar of Jiyva.
 19011 | Lair:5   | Reached XP level 14. HP: 98/122 MP: 20/20
 19309 | Lair:5   | Reached skill level 9 in Evocations
 19545 | Lair:6   | Entered Level 6 of the Lair of Beasts
 19545 | Lair:6   | Found an opulent altar of Gozag.
 19554 | Lair:6   | Reached skill level 18 in Axes
 19954 | Lair:6   | HP: 6/124 [guardian serpent (1)]
 19954 | Lair:6   | HP: 2/124 [crocodile (4)]
 20012 | Lair:6   | Paralysed by a hornet for 3 turns
 20210 | Lair:6   | Reached skill level 3 in Dodging
 20379 | Lair:6   | Paralysed by a hornet for 3 turns
 20383 | Lair:6   | Paralysed by a hornet for 3 turns
 20389 | Lair:6   | HP: 6/124 [hornet (2)]
 20390 | Lair:6   | Slain by a hornet

Vault maps used:
D:1:      enne_arrival_octagon_isle
D:2:      lemuel_round_altar, nicolae_overflow_crystal_walls, first_bread,
          hangedman_decor_points, grunt_ministairs_15
D:3:      grunt_qazlal_clouds
D:4:      nicolae_tso_besieged_by_evil, lemuel_temple_firewalk_b,
          kennysheep_generic_room_3
D:5:      uniq_duvessa, uniq_pikel, uniq_prince_ribbit1
D:6:      nicolae_overflow_hidden_temple, serial_shops, shop, uniq_menkaure
D:9:      lemuel_round_altar
D:10:     david_lair_shrubbed, basic_altar, hangedman_stone_soup,
          kennysheep_generic_room_7
D:11:     erik_orc_2, kennysheep_generic_room_11, uniq_erica, uniq_josephine
Lair:1:   minivault_23, serial_bayou_crossing, uniq_gastronok
Lair:2:   guppyfry_snake_entry_garden, infiniplex_staircase_pool
Lair:3:   elwin_shoals_entry_stream
Lair:4:   onia_ninara_swampy_vault, minmay_lair_oklob_items, st_stairs_13
Lair:5:   slime_altar_1, beast_lair_carwin_8, grunt_megastairs_4
Lair:6:   wormcave, hangedman_lair_tendril_chambers, basic_altar, minivault_27

Skill      XL: |  1  2  3  4  5  6  7  8  9 10 11 12 13 14 |
---------------+-------------------------------------------+-----
Fighting       | 2 3 4 5 6 7 9 10 11 | 11.2
Axes           | 1 2 4 5 7 9 11 12 14 15 17 18 | 18.0
Shields        | 3 6 7 8 |  8.2
Armour         | 3 6 8 10 12 | 12.3
Invocations    | 1 6 8 |  8.7
Evocations     | 4 7 9 |  9.8
Dodging        | 3 |  3.0
Stealth        | |  1.5
Spellcasting   | |  1.5
Transmutations | |  0.6
Earth Magic    | |  3.0

Action                   |  1- 3 |  4- 6 |  7- 9 | 10-12 | 13-15 || total
-------------------------+-------+-------+-------+-------+-------++-------
Melee: Unarmed           |     1 |       |       |       |       ||     1
       Dagger            |    55 |       |   352 |   533 |       ||   940
       Mace              |    33 |   194 |    26 |       |       ||   253
       Whip              |       |       |    82 |    23 |       ||   105
       War axe           |       |       |       |    27 |       ||    27
       Battleaxe         |       |       |       |    16 |       ||    16
       Executioner's axe |       |       |       |    82 |   412 ||   494
 Cast: Sandblast         |    24 |    27 |     8 |       |       ||    59
Invok: Minor Destruction |       |       |    26 |   338 |    62 ||   426
       Lesser Servant of |       |       |       |    10 |     6 ||    16
Evoke: Wand              |       |       |     6 |       |     4 ||    10
  Use: Scroll            |       |       |     9 |    16 |     4 ||    29
       Potion            |       |       |     3 |       |     4 ||     7
 Stab: Sleeping          |     2 |     5 |     4 |       |       ||    11
       Paralysed         |       |       |    11 |       |     2 ||    13
       Distracted        |       |       |       |     1 |       ||     1
  Eat: Chunk             |     3 |     8 |     9 |    24 |    14 ||    58
       Bread ration      |       |       |     1 |       |       ||     1
       Royal jelly       |       |       |     2 |       |       ||     2
Armor: Robe              |    49 |   106 |   107 |       |       ||   262
       Chain mail        |       |       |    73 |   550 |       ||   623
       Plate armour      |       |       |       |    23 |   572 ||   595
Dodge: Dodged            |    83 |   165 |   257 |   266 |   187 ||   958
Block: Buckler           |       |       |    36 |   142 |       ||   178
       Shield            |       |       |       |    47 |       ||    47

Table legend:
 A = Spawn XP
 B = Non-spawn XP
 C = Spawn XP percentage of total XP
 D = Spawn monster count
 E = Non-spawn monster count
 F = Spawn count percentage of total count
 G = Total turns spent on level
                    A         B        C        D         E        F      G
               +---------+---------+-------+---------+---------+-------+---------
         Total |   11984 |   64569 |  15.7 |      56 |     440 |  11.3 | 20390
               +---------+---------+-------+---------+---------+-------+---------
           D:1 |       0 |      24 |   0.0 |       0 |      13 |   0.0 |   986
           D:2 |      22 |      43 |  33.8 |       3 |      18 |  14.3 |   974
           D:3 |      19 |     138 |  12.1 |       4 |      18 |  18.2 |  1441
           D:4 |     135 |     489 |  21.6 |       2 |      33 |   5.7 |  1689
           D:5 |     246 |    1917 |  11.4 |       3 |      27 |  10.0 |  2520
           D:6 |      87 |     985 |   8.1 |       3 |      20 |  13.0 |  1007
           D:7 |     106 |     748 |  12.4 |       2 |      17 |  10.5 |   534
           D:8 |       0 |     975 |   0.0 |       0 |      11 |   0.0 |   826
           D:9 |     201 |    1846 |   9.8 |       2 |      24 |   7.7 |  1456
          D:10 |     857 |    2869 |  23.0 |       4 |      23 |  14.8 |  1187
          D:11 |     517 |    7704 |   6.3 |       7 |      69 |   9.2 |  1576
        Lair:1 |    1277 |    5926 |  17.7 |       8 |      19 |  29.6 |  1338
        Lair:2 |    1260 |    5198 |  19.5 |       2 |      28 |   6.7 |  1373
        Lair:3 |       0 |    5543 |   0.0 |       0 |      16 |   0.0 |   780
        Lair:4 |     769 |   10244 |   7.0 |       6 |      35 |  14.6 |  1263
        Lair:5 |    5550 |    8552 |  39.4 |       7 |      31 |  18.4 |   595
        Lair:6 |     938 |   11368 |   7.6 |       3 |      38 |   7.3 |   845
               +---------+---------+-------+---------+---------+-------+---------
